 Dungeon Crawl Stone Soup version 0.28.0-47-ge53b351184 (webtiles) character file.

Game seed: 3800321637802665725

6212 GigaChad the Blocker (level 10, 0/86 HPs)
             Began as a Minotaur Berserker on May 6, 2022.
             Was an Elder of Trog.
             Killed by an exploding water moccasin (9 damage)
             ... ignited by their inner flame
             ... on level 1 of the Lair of Beasts.
             The game lasted 00:29:18 (11601 turns).

GigaChad the Blocker (Minotaur Berserker)          Turns: 11601, Time: 00:29:18

Health: 0/86       AC: 16    Str: 22    XL:     10   Next: 61%
Magic:  3/3        EV:  9    Int:  4    God:    Trog [****..]
Gold:   341        SH: 18    Dex: 14    Spells: 9/9 levels left

rFire   + . .      SeeInvis .   p - +9 short sword "Syannod" {antimagic, rElec rF+}
rCold   . . .      Faith    .   e - +2 tower shield
rNeg    + . .      Spirit   .   z - +0 pearl dragon scales
rPois   +          Reflect  .   (helmet restricted)
rElec   +          Harm     .   i - +2 cloak
rCorr   +          Rampage  .   (no gloves)
Will    .....                   (no boots)
Stlth   ..........              n - amulet of the acrobat
HPRegen 0.24/turn               m - ring of resist corrosion
MPRegen 0.08/turn               y - ring of poison resistance

@: lethally poisoned (0 -> -5), studying Long Blades
A: horns 2, retaliatory headbutt
a: Renounce Religion, Berserk, Trog's Hand, Brothers in Arms


You were on level 1 of the Lair of Beasts.
You worshipped Trog.
Trog was greatly pleased with you.
You visited 2 branches of the dungeon, and saw 9 of its levels.

You collected 341 gold pieces.

Inventory:

Hand Weapons
 a - a +1 falchion of protection
 j - a +0 trident of flaming
 p - the +9 short sword "Syannod" (weapon) {antimagic, rElec rF+}
   (You found it on level 4 of the Dungeon)

   It reduces the magical energy of the wielder, and disrupts the spells and
   magical abilities of those it strikes.
   Natural abilities and divine invocations are not affected.
   rF:        It protects you from fire.
   rElec:     It insulates you from electricity.
 q - a +0 vorpal dire flail
 v - a +0 shortbow
 A - a +0 hand axe of freezing
 B - a +0 shortbow
 C - a +0 broad axe
 H - the +3 dagger "Nopemuen" {drain, rC+ Str+2}
   (You found it on level 7 of the Dungeon)

   A truly terrible weapon, it drains the life of any living foe it strikes.
   Str:       It affects your strength (+2).
   rC:        It protects you from cold.
 L - a +0 shortbow
 M - a +0 long sword
 O - a +1 flail of protection
Missiles
 t - 3 throwing nets (quivered)
 w - 111 arrows
Armour
 b - a +0 animal skin
 e - a +2 tower shield (worn)
 f - a +0 ring mail
 i - a +2 cloak (worn)
 z - +0 pearl dragon scales (worn)
 D - +0 swamp dragon scales
 K - a +0 plate armour
Jewellery
 l - an amulet of magic regeneration
 m - a ring of resist corrosion (left hand)
 n - an amulet of the acrobat (around neck)
 y - a ring of poison resistance (right hand)
 E - a ring of protection from cold
 I - a ring of positive energy
 N - a ring of see invisible
Wands
 J - a wand of iceblast (7)
Scrolls
 c - 2 scrolls of immolation
 g - 2 scrolls of fear
 k - 2 scrolls of teleportation
 G - a scroll of silence {unknown}
 P - a scroll of blinking {unknown}
Potions
 d - 6 potions of curing
 h - 2 potions of degeneration {unknown}
 o - 2 potions of berserk rage {unknown}
 r - a potion of haste
 s - a potion of magic {unknown}
 u - 2 potions of might {unknown}
 x - 2 potions of brilliance {unknown}
 F - a potion of lignification {unknown}


   Skills:
 + Level 7.4 Fighting
 + Level 8.9(10.1) Short Blades
 + Level 8.4(10.4) Long Blades
 + Level 7.9 Armour
 + Level 5.7 Dodging
 + Level 1.5 Stealth
 + Level 10.3 Shields


You had 9 spell levels left.
You didn't know any spells.
Your spell library contained the following spells:

 Spells                   Type           Power      Damage    Failure   Level
 Freeze                   Ice            0%         1d3       100%        1
 Magic Dart               Conj           0%         1d3       100%        1
 Sandblast                Erth           0%         2d4       100%        1
 Call Imp                 Summ           0%         N/A       100%        2
 Ensorcelled Hibernation  Hex/Ice        0%         N/A       100%        2
 Passwall                 Tmut/Erth      0%         N/A       100%        2
 Frozen Ramparts          Ice            0%         1d2       100%        3
 Gell's Gravitas          Tloc           0%         N/A       100%        3
 Lesser Beckoning         Tloc           0%         N/A       100%        3
 Mephitic Cloud           Conj/Pois/Air  0%         N/A       100%        3
 Stone Arrow              Conj/Erth      0%         3d7       100%        3
 Swiftness                Air            0%         N/A       100%        3
 Teleport Other           Tloc           0%         N/A       100%        3
 Airstrike                Air            0%         N/A       100%        4
 Hailstorm                Conj/Ice       0%         3d3       100%        4
 Ice Form                 Ice/Tmut       0%         N/A       100%        4
 Summon Ice Beast         Ice/Summ       0%         N/A       100%        4
 Summon Lightning Spire   Summ/Air       0%         N/A       100%        4
 Lightning Bolt           Conj/Air       0%         1d11      100%        5
 Summon Mana Viper        Hex/Summ       0%         N/A       100%        5
 Monstrous Menagerie      Summ           0%         N/A       100%        7


Dungeon Overview and Level Annotations

Branches:
Dungeon (8/15)             Temple (0/1) D:6            Lair (1/6) D:8

Altars:
Ru

Shops:
D:4 *   D:7 *


Innate Abilities, Weirdness & Mutations

You have a pair of horns on your head.
You reflexively headbutt those who attack you in melee.


Message History

The yak gores you but does no damage.
The cane toad is engulfed in blazing flames.
Flame seeps out of the cane toad.
The cane toad barely misses you.
You miss the water moccasin.
You feel sick.
The water moccasin is engulfed in blazing flames.
Flame seeps out of the water moccasin.
You block the water moccasin's attack. x2
The blink frog hits you but does no damage.
The yak gores you but does no damage. The yak gores you!
The cane toad is engulfed in blazing flames.
Flame seeps out of the cane toad.
You block the cane toad's attack. The yak gores you but does no damage.
You puncture the water moccasin!
Flame seeps out of the water moccasin. x2
You headbutt the water moccasin.
The water moccasin is heavily wounded.
You feel sick.
The water moccasin is engulfed in blazing flames.
Flame seeps out of the water moccasin.
The water moccasin bites you but does no damage.
You block the blink frog's attack.
The water moccasin is engulfed in blazing flames.
Flame seeps out of the water moccasin.
You block the water moccasin's attack.
The blink frog blinks!
The yak snorts and paws the ground.
You block the yak's attack. x2
The cane toad is engulfed in blazing flames.
Trog accepts your kill.
The cane toad explodes!
The fiery explosion engulfs the yak!!
Flame seeps out of the yak.
The yak is heavily wounded.
The fiery explosion engulfs the water moccasin!!!
Trog accepts your kill. The fiery explosion engulfs you! You resist.
* * * LOW HITPOINT WARNING * * *
The fiery explosion engulfs the water moccasin!!!
Trog accepts your kill.
The water moccasin explodes!
The fiery explosion engulfs the yak!!
Flame seeps out of the yak.
The yak is almost dead.
The fiery explosion engulfs you! You resist.
You die...

....... .......
.... .......
.... .......
...# F......##
...##
....§.§§#.....#
......°°#F.....
....F.Y@○S.....
......YYFF.....
##.#....#P.....
#...###.....
#... ..... #...
.... #... ...
.... ... .....


You could see 3 yaks, 5 blink frogs and a water moccasin (inner flame).

Vanquished Creatures
  3 death yaks (D:8)
  A cane toad (Lair:1)
  Maggie (D:7)
  6 yaks
  Menkaure (D:6)
  Edmund (D:4)
  3 water moccasins
  A hornet zombie (D:6)
  An ice beast (D:8)
  3 sky beasts
  2 orc warriors (D:8)
  3 black bears
  3 necrophages
  2 ogres
  3 centaurs
  A phantom (D:5)
  3 scorpions
  A water moccasin zombie (D:6)
  6 killer bees (D:8)
  4 centaur zombies
  3 jellies
  2 gnoll shamans (D:8)
  2 orc priests
  A bullfrog skeleton (D:7)
  A hound (D:5)
  Jessica (D:3)
  3 iguanas
  A scorpion zombie (D:5)
  3 orc wizards
  A hell rat (D:8)
  2 killer bee zombies (D:7)
  A hound skeleton (D:5)
  6 adders
  3 gnolls (D:5)
  A shadow imp (D:7)
  2 white imps (D:5)
  2 worms
  2 dart slugs
  22 orcs
  9 endoplasms
  3 giant cockroaches
  9 goblins
  5 hobgoblins
  8 jackals
  9 kobolds
  4 quokkas
  14 ball pythons
  4 bats
  A frilled lizard (D:1)
  2 rats
176 creatures vanquished.

Notes
Turn   | Place    | Note
-------+----------+-------------------------------------------
     0 | D:1      | GigaChad the Minotaur Berserker began the quest for the
                  | Orb.
     0 | D:1      | Reached XP level 1. HP: 19/19 MP: 0/0
    91 | D:1      | Reached XP level 2. HP: 7/27 MP: 1/1
    95 | D:1      | HP: 1/27 [kobold/+0 club (3)]
  1678 | D:2      | Reached XP level 3. HP: 19/34 MP: 2/2
  1895 | D:2      | Reached ** piety under Trog
  2176 | D:2      | Reached skill level 1 in Shields
  2307 | D:2      | Found a faded altar of an unknown god.
  2718 | D:2      | Identified a scroll of acquirement
  2718 | D:2      | Acquired a manual of Long Blades
  2971 | D:2      | Reached XP level 4. HP: 40/41 MP: 3/3
  3693 | D:3      | Noticed Jessica
  3702 | D:3      | Killed Jessica
  3703 | D:3      | Reached skill level 5 in Long Blades
  3703 | D:3      | Reached skill level 2 in Shields
  3703 | D:3      | Reached XP level 5. HP: 42/47 MP: 4/4
  4315 | D:4      | Reached skill level 1 in Stealth
  4315 | D:4      | Reached skill level 3 in Shields
  4968 | D:4      | Found Coguvott's Assorted Antiques.
  5005 | D:4      | Reached XP level 6. HP: 44/55 MP: 5/5
  5101 | D:4      | Reached skill level 5 in Fighting
  5109 | D:4      | Reached *** piety under Trog
  5482 | D:4      | Identified the +9 short sword "Syannod" {antimagic, rElec
                  | rF+}
  5605 | D:4      | Noticed Edmund
  5612 | D:4      | Killed Edmund
  5613 | D:4      | Reached skill level 4 in Shields
  5613 | D:4      | Reached XP level 7. HP: 42/61 MP: 2/6
  5933 | D:5      | Entered Level 5 of the Dungeon
  6488 | D:5      | Reached skill level 1 in Short Blades
  6590 | D:5      | Found a sacrificial altar of Ru.
  6605 | D:5      | Reached XP level 8. HP: 57/70 MP: 2/7
  6607 | D:5      | Reached skill level 5 in Shields
  7192 | D:6      | Noticed Menkaure
  7194 | D:6      | Reached skill level 5 in Armour
  7203 | D:6      | Killed Menkaure
  7679 | D:6      | Reached skill level 6 in Shields
  7889 | D:6      | Found a staircase to the Ecumenical Temple.
  8219 | D:6      | Reached skill level 5 in Short Blades
  8538 | D:7      | Reached XP level 9. HP: 75/75 MP: 2/8
  8541 | D:7      | Reached skill level 7 in Shields
  8589 | D:7      | Noticed Maggie
  8605 | D:7      | Killed Maggie
  8736 | D:7      | Identified the +3 dagger "Nopemuen" {drain, rC+ Str+2}
  8777 | D:7      | Reached **** piety under Trog
  8862 | D:7      | Found Hisaysk's Hallowed Reliquary.
  8864 | D:7      | Noticed an angel
  9726 | D:8      | Found a staircase to the Lair.
  9726 | D:8      | Noticed a death yak
  9727 | D:8      | Noticed a death yak
  9727 | D:8      | Noticed a death yak
  9750 | D:8      | Killed a death yak
  9751 | D:8      | Reached skill level 5 in Dodging
  9751 | D:8      | Reached skill level 8 in Shields
  9762 | D:8      | Killed a death yak
  9782 | D:8      | Killed a death yak
  9783 | D:8      | Reached skill level 9 in Shields
  9783 | D:8      | Reached XP level 10. HP: 16/84 MP: 3/9
 11389 | Lair:1   | Entered Level 1 of the Lair of Beasts
 11420 | D:8      | Reached skill level 10 in Shields
 11581 | Lair:1   | Noticed a seven-headed hydra
 11589 | Lair:1   | Noticed a cane toad
 11601 | Lair:1   | Killed a cane toad
 11601 | Lair:1   | Killed by an exploding water moccasin... ignited by their
                  | inner flame

Illustrated notes

Levels and vault maps discovered:
D:1:      dpeg_arrival_arbitrary_c, layout_loops_ring
D:2:      layout_rooms, dilly_ecumenical_altar_fadedgnrine, chequers_garden
D:3:      layout_rooms, uniq_jessica
D:4:      layout_basic, serial_shops, shop_fountains, uniq_edmund
D:5:      layout_basic, nicolae_ru_sacrificial_ziggurat
D:6:      layout_loops_ring, temple_statues, uniq_menkaure
D:7:      layout_loops_cross, nicolae_good_shop, uniq_maggie
D:8:      kennysheep_spiral_hall, layout_rooms, dpeg_lair_monsters,
          serial_curves, eino_curves_04, eino_curves_02, eino_curves_03
Lair:1:   layout_small_grid

Skill      XL: |  1  2  3  4  5  6  7  8  9 10 |
---------------+-------------------------------+-----
Fighting       | 4 5 6 7 |  7.4
Long Blades    | 4 5 6 7 8 |  8.4
Shields        | 1 2 3 4 6 9 10 | 10.3
Dodging        | 3 4 5 |  5.7
Stealth        | 1 |  1.5
Armour         | 3 4 5 7 |  7.9
Short Blades   | 2 5 8 |  8.9

Action                   |  1- 3 |  4- 6 |  7- 9 | 10-12 || total
-------------------------+-------+-------+-------+-------++-------
Melee: Falchion          |   104 |   115 |       |       ||   219
       Headbutt          |    10 |    20 |    66 |    26 ||   122
       Short sword       |       |     6 |   236 |   116 ||   358
  Use: Scroll            |    10 |       |     3 |     2 ||    15
 Stab: Sleeping          |     1 |       |       |       ||     1
Armor: Animal skin       |    30 |     8 |       |       ||    38
       Ring mail         |       |    45 |    21 |       ||    66
       Skin              |       |     2 |       |       ||     2
       Pearl dragon scal |       |       |    38 |    60 ||    98
Dodge: Dodged            |    52 |    29 |    67 |    55 ||   203
Block: Tower shield      |    95 |   114 |   181 |   147 ||   537
